[Event "Cattolica Chess Festival 2022"]
[Site "Cattolica"]
[Date "2022.06.10"]
[Round "8.2"]
[White "Schmider, Niklas"]
[Black "Brunello, Sabino"]
[Result "1/2-1/2"]
[ECO "C81"]
[WhiteElo "2393"]
[BlackElo "2521"]
[Annotator "TA"]
[PlyCount "110"]
[EventDate "2022.06.04"]
[EventCountry "ITA"]
[SourceTitle "playchess.com"]
[Source "ChessBase"]
[SourceQuality "1"]
[TimeControl "5400+30"]

1. e4 e5 2. Nf3 Nc6 3. Bb5 a6 4. Ba4 Nf6 5. O-O Nxe4 6. d4 b5 7. Bb3 d5 8. dxe5 Be6 9. Qe2 Be7 10. Rd1 O-O 11. c4 bxc4 12. Bxc4 Bc5 13. Be3 Bxe3 14. Qxe3 Qb8 15. Bb3 Na5 16. Nbd2 Nxd2 {[%emt 0:11:56] C81: Open Ruy Lopez: Keres Variation (9 Qe2).} 17. Rxd2 Nxb3 18. axb3 c5 (18... Rc8 $11) 19. Qxc5 $14 Qxb3 20. Nd4 {[%emt 0:01:14] [#]} Qc4 $146 ({Predecessor:} 20... Qb7 21. h3 Rfc8 22. Qd6 Qc7 23. Qxc7 Rxc7 24. f4 g6 25. g4 Bc8 26. f5 Rb8 {½-½ (41) Jurcik,M (2445)-Mazur,S (2425) Banska Stiavnica 2018}) 21. Qa3 Qc8 22. Qd3 f6 23. Re1 {[%emt 0:24:59] [#] aiming for exf6. White is much more active.} fxe5 24. Rxe5 Bf7 25. Rc2 {[%emt 0:12:22] Prevents Qc1+.} (25. g3 {with more complications.} Bg6 26. Qb3 Qc1+ 27. Rd1) 25... Qb7 26. Rce2 Rac8 27. h3 Qb4 28. Qe3 Rc4 (28... Qc5 $14) 29. Nf5 $16 {[%emt 0:02:01] [#] Re7 is the strong threat.} d4 $2 (29... Kh8 $16) 30. Qg5 $18 g6 31. Nh6+ Kg7 32. Ng4 (32. Re7 $142 Rc5 33. R7e5) 32... Qd6 33. Re7 $2 ({Don't do} 33. b3 $6 Rc6 $16) (33. Qh6+ $18 Kg8 34. R2e4 (34. Re7 d3 $11)) 33... d3 $1 $14 34. R2e6 {[%emt 0:00:00] Intending Qf6+ and mate.} Qf4 35. Qxf4 {[%emt 0:00:00] Chess con chili.} Rxf4 36. Rd6 {[%emt 0:00:00] Prevents Rd8.} ({But not} 36. Rxa6 Rd4 37. Ne3 d2 $17) 36... Re8 37. Rxe8 Bxe8 38. Rxd3 {[%emt 0:00:00][%mdl 4096] Endgame KRB-KRN} h5 39. Ne3 Rb4 40. Rd2 Bf7 41. Kf1 a5 42. Nd1 Kf6 43. Ke1 Ke5 44. Rd7 Bd5 45. Ra7 (45. f3 $14 {might be stronger.}) 45... Bxg2 $11 {[%emt 0:00:41] The position is equal.} 46. Rxa5+ Ke6 47. Rg5 Bxh3 48. Rxg6+ Kf7 49. Rg5 h4 50. Ne3 Be6 51. Kf1 h3 52. Kg1 Rxb2 53. Ng4 Bxg4 54. Rxg4 h2+ 55. Kxh2 Rxf2+ {[%emt 0:00:30] Weighted Error Value: White=0.24 (precise) /Black=0.26 (precise)} 1/2-1/2

[Event "Cattolica Chess Festival 2022"]
[Site "Cattolica"]
[Date "2022.06.10"]
[Round "8.3"]
[White "Willow, Jonah B"]
[Black "Shahil Dey"]
[Result "0-1"]
[ECO "B42"]
[WhiteElo "2401"]
[BlackElo "2369"]
[Annotator "TA"]
[PlyCount "130"]
[EventDate "2022.06.04"]
[EventCountry "ITA"]
[SourceTitle "playchess.com"]
[Source "ChessBase"]
[SourceQuality "1"]
[TimeControl "5400+30"]

1. e4 c5 2. Nf3 e6 3. d4 cxd4 4. Nxd4 a6 5. Bd3 Nf6 6. O-O d6 7. c4 Nbd7 8. Nc3 Qc7 {[%emt 0:00:11] was the old line (8...b6).} 9. Qe2 {[%emt 0:06:13] B42: Sicilian: Kan Variation: 5 Bd3.} (9. f4 $16) 9... Ne5 $11 10. Kh1 Be7 11. f4 {[%emt 0:02:24] White has an edge.} Nxd3 12. Qxd3 O-O 13. b3 b6 14. Bb2 (14. f5 $14) 14... Bb7 15. Rae1 Rad8 16. f5 {[%emt 0:08:13] [#]} (16. Qg3 $5 ) 16... Qd7 $146 (16... d5 17. cxd5 e5 18. Nf3 $16) (16... e5 $5 17. Nf3 b5 $11) ({Predecessor:} 16... e5 17. Nc2 b5 18. Nd5 bxc4 19. bxc4 Bxd5 20. exd5 Rc8 21. Ne3 Nd7 22. f6 Bxf6 {0-1 (73) Popovic,M (1960)-Viczencz,P (2030) Banska Bystrica 2019}) 17. a4 Rfe8 18. Qh3 (18. fxe6 $14 fxe6 19. Qh3) 18... Bf8 (18... e5 $5 19. Nc2 b5 $11) 19. fxe6 fxe6 20. Bc1 (20. Ba3 $14 {should be considered.}) 20... Bc8 (20... d5 $1 $11) 21. Bg5 (21. Qg3 $16 {And now Rxf6 would win.} Be7 22. Bh6) 21... Be7 $14 22. Re3 (22. b4 $14) 22... Rf8 $1 $11 23. Ref3 Rf7 24. b4 Rdf8 25. b5 $1 axb5 26. axb5 (26. Ncxb5 Nxe4 27. Rxf7 Rxf7 28. Rxf7 Kxf7 29. Qf3+ Nf6 $17) 26... h6 $132 {[%emt 0:04:43][%mdl 2048] Black is fighting back} 27. Be3 Bd8 28. Nc6 {[%emt 0:01:17] Threatens to win with e5.} Bc7 (28... e5 $14) 29. Qh4 $1 $16 Bd8 {[%emt 0:06:29] [#]} (29... Bb7 $16) 30. Nxd8 $2 ({White should play} 30. e5 $1 $18 dxe5 31. Nxe5) 30... Qxd8 $11 31. Na4 Bb7 $1 32. Bxb6 (32. Nc3 $1 $11 {keeps the balance.}) 32... Qc8 $17 33. Nb2 Bxe4 34. R3f2 Qb7 (34... Qa8 $5 ) 35. Be3 Bf5 {[%emt 0:00:00] White must now prevent ...Ng4.} 36. Rf3 Ng4 37. Bd4 Qe4 38. Bg1 Qe2 {[%emt 0:00:18] Black is more active.} 39. h3 $2 {[%emt 0:02:52] [#] Black continues to play with concentration.} ({Better is} 39. Nd1 $15) 39... Be4 $1 $19 ({Less strong is} 39... Qxb2 40. hxg4 g5 41. Qh5 $16 (41. Qxh6 Rh7 $17)) 40. Re1 $2 {[%emt 0:00:41] [#]} (40. Qxg4 {was forced.} Rxf3 41. Rxf3 (41. gxf3 $2 {perishes.} Rxf3 42. Rxf3 Bxf3+ 43. Qxf3 Qxf3+ $19) 41... Rxf3 42. Nd1) 40... Qxf3 $1 41. Qxg4 Qxg4 42. hxg4 Rf4 43. Nd1 Rxg4 44. Ne3 Rh4+ 45. Bh2 e5 46. Rd1 Rh3 47. Re1 Bb7 48. Kg1 Rh4 49. Bg3 Rd4 50. Ra1 Ra8 51. Re1 (51. Rxa8+ {was worth a try.} Bxa8 52. Be1) 51... Ra2 52. Bf2 Rdd2 53. Rf1 g6 54. b6 Kg7 55. c5 dxc5 56. Nc4 Rd5 57. Bg3 Kg8 {[%emt 0:00:44] aiming for ...Rd4.} 58. Rb1 (58. Bf2 $142) 58... Rd3 59. Bf2 Rd5 $2 (59... Rd8 $19 60. g3 Rf8) 60. Re1 $2 (60. Bg3 $11 Rd4 61. Ne3) 60... Ra6 61. Bg3 (61. Re2 $142) 61... Rd4 62. Rc1 Rg4 63. Bxe5 Rxg2+ 64. Kf1 Raa2 {[%emt 0:00:31] ( -> ...Raf2+)} 65. Nd6 Ba6+ {[%emt 0:00:04] Weighted Error Value: White=0.43/Black=0.20 (precise)} (65... Raf2+ $142 66. Ke1 Ba6 67. Nc4 Rf5 68. b7 Bxb7 69. Rc3 Rh5 70. Ne3 Rh1+ 71. Nf1 Ba6 72. Rf3 Re2+ 73. Kd1 Rxe5 74. Kc2 Rxf1 75. Rc3 g5 76. Kb3 h5 77. Ka4 Ra1+ 78. Kb3 g4 79. Rc2 h4 80. Rf2 h3 81. Rf4 g3 82. Rg4+ Kf7 83. Rf4+ Ke6 84. Rg4 h2 85. Rh4 h1=Q 86. Rxh1 Rxh1 87. Kc3 Rh2 88. Kb3 Re3+ 89. Ka4 Ra2#) 0-1

[Event "Cattolica Chess Festival 2022"]
[Site "Cattolica"]
[Date "2022.06.10"]
[Round "8.4"]
[White "Safarli, Eltaj"]
[Black "Padmini, Rout"]
[Result "1-0"]
[ECO "C24"]
[WhiteElo "2600"]
[BlackElo "2348"]
[Annotator "TA"]
[PlyCount "89"]
[EventDate "2022.06.04"]
[EventCountry "ITA"]
[SourceTitle "playchess.com"]
[Source "ChessBase"]
[SourceQuality "1"]
[TimeControl "5400+30"]

1. e4 e5 2. Bc4 Nf6 3. d3 c6 4. Nf3 d6 5. O-O Be7 6. Re1 O-O 7. Bb3 Bg4 {[%emt 0:08:48] C24: Bishop's Opening: 2...Nf6.} 8. Nbd2 Nbd7 9. c3 d5 {[%emt 0:06:18] The position is equal.} 10. h3 Bh5 11. Qe2 Bd6 12. Nf1 {[%emt 0:01:20] [#]} Re8 $146 ({Predecessor:} 12... dxe4 13. dxe4 Nc5 14. Bc2 Qb6 15. Ng3 Bxf3 16. Qxf3 Ne6 17. Nf5 Bc7 18. Nxg7 Nxg7 19. Qxf6 {1-0 (42) Petraki,M (2024)-Barbageorgopoulou,D (1752) Eretria 2011}) 13. Ng3 Bg6 14. Bc2 Nh5 15. Nxh5 Bxh5 16. g4 Bg6 17. Qf1 dxe4 18. dxe4 Nc5 19. Bg5 f6 20. Be3 Ne6 (20... Bxe4 $2 21. Bxe4 Nxe4 22. Qc4+ Kh8 23. Qxe4 $18) 21. Nh4 Bf7 $1 22. Nf5 Bf8 23. h4 (23. Bb3 {keeps more tension.} a5 24. a4 g6 25. Nh6+) 23... Qc7 24. h5 g6 25. hxg6 hxg6 26. Nh4 (26. Qg2 $1 $11) 26... Bc5 $1 $17 27. Bc1 (27. Qg2 $17) 27... a5 $2 (27... Kg7 $1 $19 {And now ...a5 would win.} 28. b4 Bb6) 28. Qh3 $1 $11 Nf4 $2 (28... a4 $11 {and Black is okay.}) 29. Bxf4 $18 exf4 30. e5 $1 Rxe5 (30... Qb6 $2 31. Nxg6 Bxf2+ 32. Kh1 Bd5+ 33. Be4 Bxe4+ 34. Rxe4 $18) 31. Nxg6 Bxg6 32. Bxg6 {[%emt 0:00:00] Threatens to win with Rxe5.} Qg7 (32... Rd8 $16) 33. Rxe5 $1 fxe5 34. Qh5 Rd8 {[%emt 0:00:00] [#]} 35. Re1 $1 {[%emt 0:00:00][%cal Og6f7,Ba1e1,Be1h1,Bh1h7][%mdl 32] Strongly threatening Bf7+!} Bd6 (35... Rd2 $2 36. Rxe5 Be7 37. Rf5 $18 (37. Qf5 Qf6 $16)) 36. Kg2 Kf8 {[%emt 0:00:00] [#]} (36... Rf8 $142 37. Bc2 f3+ 38. Kf1 Rd8) 37. Rh1 $1 f3+ 38. Kxf3 {[%emt 0:00:00] aiming for Qf5+.} Qf6+ (38... Ke7 39. Ke4 Qf6) 39. Qf5 $2 (39. Ke2 Bc5 40. f4) 39... Qxf5+ 40. gxf5 {[%emt 0:00:00] KRB-KRB} Ke7 41. Rh7+ Kf6 42. Rxb7 Bc5 (42... Rb8 $142 43. Rf7+ Kg5) 43. Rc7 Rd6 $2 (43... Kg5 $18 44. Rxc6 Bf8) 44. Kg4 e4 45. Kf4 {[%emt 0:00:00] Weighted Error Value: White=0.18 (very precise) /Black=0.69} 1-0

[Event "Cattolica Chess Festival 2022"]
[Site "Cattolica"]
[Date "2022.06.10"]
[Round "8.5"]
[White "Kanyamarala, Trisha"]
[Black "Souhardo Basak"]
[Result "1-0"]
[ECO "D36"]
[WhiteElo "2127"]
[BlackElo "2357"]
[Annotator "TA"]
[PlyCount "73"]
[EventDate "2022.06.04"]
[EventCountry "ITA"]
[SourceTitle "playchess.com"]
[Source "ChessBase"]
[SourceQuality "1"]
[TimeControl "5400+30"]

1. d4 Nf6 2. c4 e6 3. Nc3 d5 4. cxd5 exd5 5. Bg5 Be7 6. e3 O-O 7. Bd3 Re8 8. Nge2 Nbd7 9. O-O c6 10. Qc2 Nf8 11. f3 g6 {[%emt 0:00:08] is recently more successful than 11...Be6.} 12. Bh4 Ne6 {[%emt 0:00:42] D36: Queen's Gambit Declined: Exchange Variation: Main line (5 Bg5 c6 6 Qc2).} 13. Kh1 b5 14. Bf2 Bb7 {[%emt 0:01:13] The position is equal.} 15. e4 b4 16. Na4 Rc8 17. e5 Nd7 18. f4 c5 19. Qd2 {[%emt 0:00:51] [#]} Qa5 $146 ({Predecessor:} 19... Nxd4 20. Nxd4 cxd4 21. Bxd4 Qa5 22. f5 Nxe5 23. Bxe5 Bf8 24. Qf4 Rxe5 25. Qxe5 Qxa4 26. fxg6 fxg6 {1-0 (56) Debashis,D (2544)-Panda,S (2211) Bhubaneswar 2019}) 20. Nxc5 (20. Qd1 $5 ) 20... Ndxc5 21. dxc5 {[%emt 0:00:09] [#] Black must now prevent f5.} Nxc5 22. Bc2 (22. f5 $14 Nxd3 23. Qxd3) 22... Ne4 $11 23. Bxe4 dxe4 24. Bd4 ({White should try} 24. a3 $15) 24... Qd5 (24... Red8 $142 {Hoping for ...Ba6.} 25. Rfd1 Ba6) 25. Qe3 $17 Bc5 (25... Rc2 $17 {...Ba6 is the strong threat.} 26. Rfd1 Qe6) 26. Rfd1 $11 Bxd4 27. Rxd4 Qc5 (27... Qb5 $11) 28. Rad1 $14 Rcd8 29. h3 $1 Rxd4 30. Rxd4 Kg7 31. Ng3 Qc6 $2 {[%emt 0:00:00] This move loses the game for Black.} (31... Rc8 $14) 32. Rd6 $18 (32. Rxb4 a5 33. Rb6 Qc7 $16) 32... Qc7 33. Kh2 (33. Qxa7 h5) 33... Re6 $2 (33... a5 {is tougher.} 34. Qd4 (34. Nxe4 $2 Bxe4 35. Qd2 Rc8 $19) 34... Kg8) 34. Qd4 {[%emt 0:00:00] White is clearly winning.} e3 (34... h6 $142 35. f5 (35. Qxa7 e3 $18) (35. Nxe4 $2 Bxe4 36. Rxe6 Qc2 $19) (35. Qxb4 e3 $14) 35... gxf5 36. Nxf5+ Kh7) 35. f5 h5 {[%emt 0:00:00][%cal Oc7c2] [#] Strongly threatening ...Qc2!} 36. Rd7 Qc6 37. Rxb7 {[%emt 0:00:00] Weighted Error Value: White=0.10 (very precise) /Black=0.46} 1-0

[Event "Cattolica Chess Festival 2022"]
[Site "Cattolica"]
[Date "2022.06.10"]
[Round "8.6"]
[White "Kanyamarala, Tarun"]
[Black "Heinemann, Josefine"]
[Result "1-0"]
[ECO "E49"]
[WhiteElo "2388"]
[BlackElo "2300"]
[Annotator "TA"]
[PlyCount "81"]
[EventDate "2022.06.04"]
[EventCountry "ITA"]
[SourceTitle "playchess.com"]
[Source "ChessBase"]
[SourceQuality "1"]
[TimeControl "5400+30"]

1. d4 Nf6 2. c4 e6 3. Nc3 Bb4 4. e3 O-O 5. Bd3 d5 6. a3 Bxc3+ 7. bxc3 dxc4 8. Bxc4 c5 9. Ne2 Qc7 10. Ba2 b5 {[%emt 0:01:55] E49: Nimzo-Indian: Rubinstein: 5 Bd3 d5 6 a3 Bxc3+ 7 bxc3.} 11. O-O Bb7 12. f3 {[%emt 0:20:46] [#]} Rd8 $146 {[%emt 0:09:03] White is slightly better.} ({Predecessor:} 12... Nbd7 13. e4 e5 14. Be3 Rac8 15. Ng3 Nb6 16. Nf5 Rfd8 17. Bg5 cxd4 18. Bxf6 gxf6 {1-0 (39) Romanov,O (2404)-Jegorovas,A (2200) Birstonas 2002}) 13. e4 Nc6 14. Be3 Rac8 15. Qe1 b4 (15... cxd4 $14 16. cxd4 Ba6) 16. axb4 $16 cxb4 17. c4 (17. cxb4 Ba6 $16) 17... a5 18. Bb3 Ba6 19. Qf2 Nb8 (19... a4 $16) 20. Bf4 Qb6 (20... Qb7 $142) 21. Rfc1 $18 Nbd7 22. c5 Qb5 23. Bc4 (23. Ng3 $18) 23... Qb7 $16 24. Rxa5 {[%emt 0:00:39] White is more active.} Bxc4 25. Rxc4 b3 (25... e5 $16) 26. Ra1 (26. Nc3 $18) 26... Qb5 (26... e5 $142) 27. Rc3 {[%emt 0:00:26] Strongly threatening Rb1.} Ra8 28. Rb1 {[%emt 0:00:01] Black must now prevent c6.} b2 {[%emt 0:02:57] [#]} (28... Ra2 $16) 29. Rc2 $1 $18 ({Inferior is} 29. c6 Ra1 30. Qf1 Nb6 31. Rxa1 bxa1=Q 32. Qxa1 Qxe2 $11) 29... Ra1 30. Nc3 ({Better is} 30. Qe1 $18) 30... Qb3 {[%emt 0:04:36] A mistake that costs the game.} (30... Qc4 $1 $14 31. g3 (31. Rcxb2 Rxb1+ 32. Nxb1 Nxc5 $14) 31... e5) 31. Qe2 {[%emt 0:00:00] And now c6 would win.} Rda8 {[%emt 0:00:00] [#]} (31... Qb4 {was necessary.}) 32. Kf2 $1 ({But not} 32. c6 $6 Nb6 $16) 32... R8a2 33. c6 Nb6 $2 (33... Rxb1 34. cxd7 Rf1+ 35. Kxf1 Nxd7) 34. Rbxb2 Rxb2 35. Rxb2 Qxc3 36. Rxb6 {[%emt 0:00:00] Rb8+ would kill now.} Qxd4+ 37. Be3 {[%emt 0:00:00] Intending Rb8+ and mate.} Nxe4+ (37... Qd8 $142 38. Qd2 Qc7) 38. fxe4 {[%emt 0:00:00] White wants to mate with Rb8+.} Qf6+ 39. Kg3 {[%emt 0:02:19] Threatening mate with Rb8+.} Qe5+ 40. Bf4 Ra3+ {[%emt 0:00:00] [#]} 41. Qf3 $3 {[%emt 0:00:14][%mdl 512] Weighted Error Value: White=0.39/Black=0.60} 1-0

[Event "Cattolica Chess Festival 2022"]
[Site "Cattolica"]
[Date "2022.06.10"]
[Round "8.8"]
[White "Ojas Kulkarni"]
[Black "Kjartansson, Gudmundur"]
[Result "0-1"]
[ECO "D42"]
[WhiteElo "2235"]
[BlackElo "2452"]
[Annotator "TA"]
[PlyCount "60"]
[EventDate "2022.06.04"]
[EventCountry "ITA"]
[SourceTitle "playchess.com"]
[Source "ChessBase"]
[SourceQuality "1"]
[TimeControl "5400+30"]

1. e4 {[%emt 0:30:03] Mikhalevski,V} c6 2. d4 d5 3. exd5 cxd5 4. c4 Nf6 5. Nc3 e6 6. Nf3 Be7 7. cxd5 Nxd5 8. Bd3 Nc6 9. O-O O-O 10. Re1 Bf6 11. Be4 Nce7 12. Qc2 g6 {[%emt 0:01:01] D42: Queen's Gambit Declined: Semi-Tarrasch: 5 cxd5 Nxd5 6 e3 Nc6 7 Bd3 .} 13. Bh6 Re8 {[%emt 0:01:33] [#]} 14. Rac1 $146 (14. Ne5 {with more complications.} Bh8 15. Qb3 b6 16. Qa3) ({Predecessor:} 14. Qb3 b6 15. Nxd5 exd5 16. Bxd5 Nxd5 17. Rxe8+ Qxe8 18. Qxd5 Be6 19. Qe4 Rc8 20. Qf4 {½-½ (57) Solak,D (2563)-Kacheishvili,G (2599) Mallorca 2004 CBM 104 [Mikhalevski,V]}) 14... Bd7 {[%emt 0:02:02] The position is equal.} 15. Bxd5 exd5 16. Bg5 Bxg5 17. Nxg5 Nf5 18. Rxe8+ Bxe8 19. Nf3 Bc6 20. Qd2 f6 21. h4 h5 22. b4 Qd6 23. a3 Kg7 24. Nd1 Re8 25. Ne3 Nxe3 26. fxe3 Bb5 27. Kf2 Bc4 28. Rg1 Re4 29. Qc3 (29. Rc1 $15 {deserves consideration.}) 29... b5 $17 {[%emt 0:05:07] Black is much more active.} 30. Nd2 $2 {[%emt 0:00:45] [#]} (30. Rh1 $17) 30... Rxh4 {[%emt 0:00:41] Weighted Error Value: White=0.23 (precise) /Black=0.03 (flawless)} 0-1

[Event "Cattolica Chess Festival 2022"]
[Site "Cattolica"]
[Date "2022.06.10"]
[Round "8.9"]
[White "Milikow, Elie"]
[Black "Kolb, Tobias"]
[Result "1-0"]
[ECO "B12"]
[WhiteElo "2428"]
[BlackElo "2345"]
[Annotator "TA"]
[PlyCount "89"]
[EventDate "2022.06.04"]
[EventCountry "ITA"]
[SourceTitle "playchess.com"]
[Source "ChessBase"]
[SourceQuality "1"]
[TimeControl "5400+30"]

1. e4 c6 2. d4 d5 3. e5 Bf5 4. h4 h5 5. Bd3 Bxd3 6. Qxd3 {[%emt 0:00:07][%cal Oe5e6] B12: Caro-Kann: Advance Variation.} Qa5+ 7. Nd2 e6 8. Ne2 {[%emt 0:00:54] The position is equal.} Ne7 9. O-O Nf5 10. Nf3 Qa6 11. Qd1 c5 12. c3 cxd4 13. Nexd4 Nxd4 {[%emt 0:00:30] [#]} 14. Qxd4 $146 ({Predecessor:} 14. cxd4 Nc6 15. Bg5 Qb6 16. Re1 Bb4 17. Re3 Qc7 18. Rc1 Ba5 19. a3 Bb6 20. b4 {0-1 (78) Sawatzki,F (2385)-Hammer,J (2637) Helsingor 2019}) 14... Nc6 15. Qf4 Be7 16. Qg3 Qd3 (16... g6 $11) 17. Qxg7 $16 Kd7 {[%emt 0:00:42] [#] Hoping for ...Rag8.} 18. Qg3 ({But not} 18. Qxf7 $2 Raf8 19. Qg7 Rhg8 20. Qxg8 Rxg8 $19) 18... Rhg8 19. Bg5 Bxg5 20. Nxg5 Qxg3 21. fxg3 Nxe5 22. Nxf7 Nc4 23. Ng5 Raf8 24. Rfe1 Rg6 25. Re2 Nd6 26. Rae1 Rff6 27. Kh2 Nf5 28. b3 b5 29. Ra1 (29. Rd2 $142) 29... a5 ({Black should play} 29... Rg8) 30. a4 b4 31. Rc1 Rg8 32. cxb4 Nd4 33. Re3 {[%emt 0:00:00] aiming for Rd3.} axb4 34. Rd3 (34. Nf3 $16 Nxf3+ 35. gxf3) 34... Nc6 (34... e5 $14) 35. Nf3 (35. Rd2 $16) 35... Rfg6 (35... Kd6 $11) 36. Rd2 ({White should try} 36. Rc2 $16) 36... Rxg3 $11 37. Rdc2 $36 {[%emt 0:00:00][%mdl 2048] White is pushing.} Ne7 ({Better is} 37... Na5 $14) 38. Ne5+ $16 Ke8 $2 (38... Kd8) 39. a5 $18 {[%emt 0:00:00] Black must now prevent a6.} Nf5 (39... Rxb3 {is a better defense.} 40. Rc7 (40. Rc8+ Nxc8 41. Rxc8+ Ke7 $18) 40... Rbg3) 40. a6 {[%emt 0:00:32] White is clearly winning.} Ke7 41. a7 Rc3 (41... Rxb3 $142 42. Rc8 Rxc8 43. Rxc8 Ra3) 42. Rxc3 bxc3 {[%emt 0:00:03] [#]} 43. Nc6+ $1 Kd6 44. Nb8 Ne3 45. a8=Q {[%emt 0:00:28] Weighted Error Value: White=0.14 (very precise) /Black=0.32} 1-0

[Event "Cattolica Chess Festival 2022"]
[Site "Cattolica"]
[Date "2022.06.10"]
[Round "8.10"]
[White "Ceres, Dragos"]
[Black "Buksa, Nataliya"]
[Result "0-1"]
[ECO "B31"]
[WhiteElo "2380"]
[BlackElo "2406"]
[Annotator "TA"]
[PlyCount "132"]
[EventDate "2022.06.04"]
[EventCountry "ITA"]
[SourceTitle "playchess.com"]
[Source "ChessBase"]
[SourceQuality "1"]
[TimeControl "5400+30"]

1. e4 c5 2. Nf3 Nc6 3. Bb5 g6 4. O-O Bg7 5. Bxc6 bxc6 6. Re1 Qc7 {[%emt 0:00:04] B31: Sicilian: 2...Nc6 3 Bb5 g6.} 7. c3 d6 8. h3 Nf6 {[%emt 0:00:13] The position is equal.} 9. d4 cxd4 10. cxd4 O-O 11. Nc3 c5 12. e5 dxe5 13. dxe5 Rd8 14. Qa4 Nh5 {[%emt 0:00:03] [#]} 15. Bd2 $146 ({Predecessor:} 15. Qh4 Bb7 16. Ne4 Bxe5 17. Nxe5 Qxe5 18. Bg5 Rd4 19. Nc3 Qf5 20. f4 f6 21. Bh6 {0-1 (27) Vokhidov,S (2529)-Ivic,V (2581) Chess.com INT 2020}) 15... Bb7 16. Ne4 {[%emt 0:00:24] Black must now prevent Ba5.} Rd5 (16... Bxe5 $2 17. Ba5 Qd7 18. Qxd7 Rxd7 19. Nxe5 $18) 17. Rad1 Bh8 (17... Bxe5 {is more complex.} 18. Ba5 Qb8 19. Nxe5 Qxe5 20. Nc3 Rxd1 21. Qxd1 Qg5) 18. Ba5 (18. b3 {looks sharper.} Bxe5 19. Ba5 Qb8 20. Rxd5 Bxd5 21. Nxe5 Qxe5 22. Nxc5 Qf5 23. Qg4) 18... Qc6 19. Qxc6 Bxc6 20. Rxd5 Bxd5 21. Nxc5 Nf4 {[%emt 0:01:20] Prevents Nd3.} 22. Kh2 Rc8 23. b4 Bxa2 24. Nd4 Bc4 25. Re4 Nd5 26. g3 Nc3 27. Re3 (27. Re1 $15 Nb5 28. Nxb5 Bxb5 29. f4) 27... Nd1 $36 {[%emt 0:01:57][%csl LRe3,LRf2][%mdl 2048] Black is in control.} 28. Re1 Nxf2 29. Rc1 Bd5 30. Re1 Bc4 {[%emt 0:02:15] Against Nb5} 31. Rc1 Bd5 32. Re1 {[%emt 0:00:00] Inhibits Ne4.} f5 (32... a6 $19 33. Bb6 e6) 33. exf6 $17 Bxf6 34. Nb5 {[%emt 0:00:00] [#]} a6 ({Black should play} 34... Nd3 $1 $17 35. Rd1 (35. Nxd3 $2 Rc2+ 36. Kg1 Bc4 $19) 35... Nxc5 36. Nxa7 Bf3 37. Nxc8 Bxd1 38. bxc5 Bf3) 35. Nc7 $11 Bc4 {[%emt 0:00:00] A strong pair of Bishops.} 36. Rc1 Bb5 37. Nxb5 axb5 38. Re1 $1 {[%emt 0:00:00] Prevents Ne4.} Bd4 39. Ne6 (39. Rxe7 $11 {keeps the balance.} Bxc5 40. bxc5) 39... Nd3 $17 40. Re2 {[%emt 0:00:00] Prevents Rc2.} Nc1 {[%emt 0:01:53] Black is more active.} 41. Rd2 ({Avoid the trap} 41. Nxd4 $2 Nxe2 42. Nxb5 Rc2 $19) 41... Be3 42. Rb2 Bh6 43. Nc7 Nd3 44. Re2 {[%emt 0:00:00] [#]} Nxb4 $1 45. Nxb5 Nd5 46. Nd4 Bg7 47. Ne6 Bf6 48. Be1 Rc1 49. g4 g5 50. h4 h6 51. hxg5 hxg5 52. Bd2 $2 {[%emt 0:02:52] Black keeps a firm grip on the game.} (52. Kg2 $15) 52... Rc2 $19 {[%emt 0:00:00] Hoping for ...Bc3.} 53. Rg2 Be5+ 54. Kg1 (54. Kh1 $142) 54... Bf4 ({Inferior is} 54... Kf7 55. Nxg5+ Kg6 56. Nf3 $11) 55. Nxf4 gxf4 {[%emt 0:01:29][%mdl 4096] Endgame KRB-KRN} ({Weaker is} 55... Nxf4 56. Rh2 $17) 56. Be1 Rc1 57. Kf2 (57. Re2) 57... e5 {[%emt 0:00:11][%cal Be7e5,Be5e4,Be4e3,Be3d2][%mdl 32] aiming for ...Ne3.} 58. Bd2 {[%emt 0:00:51] Prevents Ne3.} Rc4 {[%emt 0:00:04] Strongly threatening ...e4.} 59. Rg1 (59. Rh2 $142 Kg7 60. Ke2) 59... e4 {[%emt 0:02:55] ...Rc2 is the strong threat.} 60. Rc1 {[%emt 0:00:58] Inhibits Rc2.} e3+ {[%emt 0:00:00] Black mates.} 61. Ke2 f3+ $1 62. Kxf3 exd2 63. Rd1 Rd4 64. Ke2 Nc3+ 65. Ke3 Nxd1+ 66. Kxd4 Nf2 {[%emt 0:00:00] Weighted Error Value: White=0.33/Black=0.19 (very precise)} 0-1